Map: Dusk Towers

Players

PiG

  • Race: Zerg Zerg
  • League: Grandmaster

MillMlorD (MarineLorD) - Winner!

  • Race: Terran Terran

Event: NationWars III

VOD

Have the link to the VOD?

Description

Time

  • Played on: Dec. 5, 2015, 1:24 p.m.
  • Length: 4:17
Show
View Real Time Build Order
Export as new Build Order

PiG Zerg 

Build Orders: Hatch First 

Get SALT Encoding   

  12  0:01  Drone  
  13  0:12  Overlord  
  13  0:18  Drone  
  14  0:31  Drone x2  
  16  0:37  Drone  
  17  0:45  Drone  
  18  0:56  Hatchery  
  17  0:59  Drone  
  18  1:12  Spawning Pool  
  18  1:15  Drone  
  18  1:18  Drone  
  18  1:21  Extractor  
  18  1:30  Drone  
  19  1:41  Hatchery  
  19  1:44  Drone  
  19  1:50  Drone  
  20  1:59  Queen  
  22  2:07  Queen  
  24  2:14  Zergling x4  
  26  2:15  Zergling x2  
  26  2:22  Overlord  
  27  2:27  Metabolic Boost  
  27  2:31  Drone  
  28  2:42  Drone  
  29  2:45  Queen  
  29  2:49  Drone x2  
  33  2:56  Roach Warren  
  30  3:15  Drone x2  
  30  3:16  Zergling x12  
  31  3:36  Roach x2  
  29  3:47  Drone x2  
  25  3:56  Roach  
Show
View Real Time Build Order
Export as new Build Order

MillMlorD Terran - Winner!

Build Orders:  

Get SALT Encoding   

  12  0:00  SCV  
  13  0:13  SCV  
  14  0:17  Supply Depot  
  14  0:25  SCV  
  15  0:29  Refinery  
  15  0:38  SCV  
  16  0:44  Barracks  
  16  0:50  SCV  
  17  1:02  Barracks  
  17  1:04  SCV  
  18  1:16  SCV  
  19  1:21  Barracks  
  19  1:32  Reaper  
  20  1:37  Orbital Command  
  20  1:49  Reaper  
  20  1:50  Supply Depot  
  21  1:55  Refinery  
  21  2:03  SCV  
  21  2:04  Reaper  
  23  2:12  Reaper  
  23  2:15  SCV  
  25  2:23  Reaper  
  25  2:27  SCV  
  25  2:29  Supply Depot  
  27  2:36  Reaper  
  28  2:39  SCV  
  29  2:44  Reaper  
  30  2:51  SCV  
  31  2:59  Command Center  
  31  3:02  Reaper  
  31  3:03  SCV  
  33  3:08  Reaper  
  34  3:16  Reaper  
  34  3:17  SCV  
  36  3:29  SCV  
  37  3:34  Reaper  
  37  3:40  Reaper  
  39  3:44  Supply Depot  
  39  3:49  SCV  
  39  4:02  Command Center  
Tags
 
Add a new tag
Caveats
  • Supply blocks, unpowered buildings, or Contaminate may cause inaccurate times.
  • Supply counts are checked every 10 seconds.